% Time on Ice - TEXAS TOROS
Lines # - Real PCT - Wanted PCT - Time Play
Normal Forward
1 - 33% - 36% - 14:05
2 - 31% - 31% - 13:08
3 - 23% - 23% - 9:55
4 - 12% - 10% - 5:08
Normal Defense
1 - 37% - 36% - 15:26
2 - 32% - 31% - 13:26
3 - 32% - 23% - 13:24
4 - 0% - 10% - 0:00
PP Forward
1 - 55% - 55% - 4:19
2 - 45% - 45% - 3:30
PP Defense
1 - 52% - 55% - 4:06
2 - 48% - 45% - 3:43
PK Forward
1 - 57% - 55% - 5:36
2 - 43% - 45% - 4:12
PK Defense
1 - 47% - 55% - 4:38
2 - 53% - 45% - 5:10
PK3 Forward
1 - 0% - 55%
2 - 0% - 45%
PK3 Defense
1 - 0% - 55%
2 - 0% - 45%
44 Forward
1 - 100% - 55% - 0:07
2 - 0% - 45% - 0:00
44 Defense
1 - 0% - 55% - 0:00
2 - 100% - 45% - 0:07
Last Minute Offensive  - 0:00
Last Minute Defensive  - 0:00
Total
Forward - 60:00
Defense - 60:00
% Time on Ice - COLORADO GLACIERCATS
Lines # - Real PCT - Wanted PCT - Time Play
Normal Forward
1 - 36% - 35% - 15:24
2 - 30% - 35% - 12:46
3 - 23% - 25% - 9:38
4 - 11% - 5% - 4:28
Normal Defense
1 - 39% - 36% - 16:19
2 - 35% - 32% - 14:54
3 - 24% - 20% - 10:13
4 - 2% - 12% - 0:50
PP Forward
1 - 54% - 60% - 5:19
2 - 46% - 40% - 4:29
PP Defense
1 - 43% - 50% - 4:14
2 - 57% - 50% - 5:34
PK Forward
1 - 47% - 50% - 3:39
2 - 53% - 50% - 4:10
PK Defense
1 - 54% - 50% - 4:14
2 - 46% - 50% - 3:35
PK3 Forward
1 - 0% - 55%
2 - 0% - 45%
PK3 Defense
1 - 0% - 50%
2 - 0% - 50%
44 Forward
1 - 100% - 50% - 0:07
2 - 0% - 50% - 0:00
44 Defense
1 - 0% - 50% - 0:00
2 - 100% - 50% - 0:07
Last Minute Offensive  - 0:00
Last Minute Defensive  - 0:00
Total
Forward - 60:00
Defense - 60:00
Play-by-Play 1st period 0:01 of 1st period - Patrice Bergeron wins face-off versus Derek Stepan in neutral zone. 0:15 of 1st period - Minor Penalty to Shea Weber for Roughing. 0:16 of 1st period - Lucas Wallmark wins face-off versus Nick Schmaltz in COLORADO GLACIERCATS zone. 0:57 of 1st period - Shot by Nick Schmaltz. 0:57 of 1st period - Stopped by Pekka Rinne without a rebound. 0:58 of 1st period - Derek Stepan wins face-off versus Lucas Wallmark in COLORADO GLACIERCATS zone. 1:21 of 1st period - Shot by Derek Stepan. 1:21 of 1st period - Stopped by Pekka Rinne without a rebound. 1:22 of 1st period - Jordan Staal wins face-off versus Derek Stepan in COLORADO GLACIERCATS zone. 1:59 of 1st period - Icing by Derek Stepan. 2:00 of 1st period - Justin Abdelkader wins face-off versus Lucas Wallmark in TEXAS TOROS zone. 2:00 of 1st period - Justin Abdelkader is hit by Carl Hagelin. 3:08 of 1st period - John Klingberg is hit by Patrik Nemeth and loses puck. 3:45 of 1st period - Shot by Brayden Schenn. 3:45 of 1st period - Deflect By Joe Pavelski. 3:45 of 1st period - Shot Misses the Net. 3:47 of 1st period - Shot by Mark Giordano. 3:47 of 1st period - Shot Blocked by Erik Gustafsson. 4:10 of 1st period - Johan Larsson is hit by Mark Giordano and loses puck. 4:42 of 1st period - Off-side. 4:43 of 1st period - Jay Beagle wins face-off versus Justin Abdelkader in neutral zone. 5:01 of 1st period - Brock McGinn is hit by Ilya Lyubushkin and loses puck. 5:04 of 1st period - Shot by Derek Stepan. 5:04 of 1st period - Stopped by Pekka Rinne without a rebound. 5:05 of 1st period - Lucas Wallmark wins face-off versus Riley Nash in COLORADO GLACIERCATS zone. 5:15 of 1st period - Off-side. 5:16 of 1st period - Jordan Staal wins face-off versus Derek Stepan in neutral zone. 5:33 of 1st period - Shot by Justin Abdelkader. 5:33 of 1st period - Stopped by Pekka Rinne without a rebound. 5:34 of 1st period - Riley Nash wins face-off versus Lucas Wallmark in COLORADO GLACIERCATS zone. 5:43 of 1st period - Shot by Riley Nash. 5:43 of 1st period - Stopped by Pekka Rinne with a rebound. 5:48 of 1st period - Zach Aston-Reese is hit by Riley Nash and loses puck. 5:53 of 1st period - Shot by Lucas Wallmark. 5:53 of 1st period - Shot Misses the Net. 5:55 of 1st period - Shot by Carl Hagelin. 5:55 of 1st period - Goal by Carl Hagelin - TEXAS TOROS : 0 - COLORADO GLACIERCATS : 1. 5:56 of 1st period - Derek Stepan wins face-off versus Jordan Staal in neutral zone. 6:11 of 1st period - Shot by Brayden Schenn. 6:11 of 1st period - Deflect By Joe Pavelski. 6:11 of 1st period - Stopped by Anders Nilsson without a rebound. 6:12 of 1st period - Johan Larsson wins face-off versus Lucas Wallmark in TEXAS TOROS zone. 6:29 of 1st period - Lucas Wallmark is hit by Erik Gustafsson and loses puck. 6:42 of 1st period - Shot by Zach Aston-Reese. 6:42 of 1st period - Shot Blocked by David Savard. 7:12 of 1st period - Shot by John Klingberg. 7:12 of 1st period - Shot Misses the Net. 7:14 of 1st period - Shot by Shea Weber. 7:14 of 1st period - Shot Misses the Net. 7:16 of 1st period - Shot by Patrice Bergeron. 7:16 of 1st period - Shot Misses the Net. 7:18 of 1st period - Shot by Shea Weber. 7:18 of 1st period - Stopped by Anders Nilsson with a rebound. 7:20 of 1st period - Shot by Shea Weber. 7:20 of 1st period - Deflect By Artemi Panarin. 7:20 of 1st period - Stopped by Anders Nilsson without a rebound. 7:21 of 1st period - Derek Stepan wins face-off versus Brayden Schenn in TEXAS TOROS zone. 7:21 of 1st period - Derek Stepan is hit by Joe Pavelski. 7:24 of 1st period - Icing by Tyson Barrie. 7:25 of 1st period - Jordan Staal wins face-off versus Brock McGinn in TEXAS TOROS zone. 7:41 of 1st period - Minor Penalty to Justin Abdelkader for Roughing. 7:42 of 1st period - Derek Stepan wins face-off versus Patrice Bergeron in TEXAS TOROS zone. 8:18 of 1st period - Shot by Artemi Panarin. 8:18 of 1st period - Stopped by Anders Nilsson with a rebound. 9:05 of 1st period - Brayden Schenn is hit by Derek Stepan. 9:06 of 1st period - Icing by Brayden Schenn. 9:07 of 1st period - Jordan Staal wins face-off versus Riley Nash in COLORADO GLACIERCATS zone. 9:49 of 1st period - Shot by Zach Aston-Reese. 9:49 of 1st period - Shot Misses the Net. 9:51 of 1st period - Shot by Lucas Wallmark. 9:51 of 1st period - Shot Misses the Net. 10:01 of 1st period - Shot by Zach Aston-Reese. 10:01 of 1st period - Stopped by Anders Nilsson without a rebound. 10:02 of 1st period - Jay Beagle wins face-off versus Nick Schmaltz in TEXAS TOROS zone. 10:29 of 1st period - Shot by Devin Shore. 10:29 of 1st period - Stopped by Anders Nilsson without a rebound. 10:30 of 1st period - Jordan Staal wins face-off versus Derek Stepan in TEXAS TOROS zone. 11:18 of 1st period - Icing by Ryan Ellis. 11:19 of 1st period - Jordan Staal wins face-off versus Alexander Wennberg in COLORADO GLACIERCATS zone. 11:25 of 1st period - Icing by Mark Giordano. 11:26 of 1st period - Jordan Staal wins face-off versus Alexander Wennberg in COLORADO GLACIERCATS zone. 11:42 of 1st period - Shot by Sven Baertschi. 11:42 of 1st period - Shot Misses the Net. 11:44 of 1st period - Shot by Nick Cousins. 11:44 of 1st period - Shot Misses the Net. 13:03 of 1st period - David Savard is hit by Zach Aston-Reese and loses puck. 13:12 of 1st period - Shot by Lucas Wallmark. 13:12 of 1st period - Shot Misses the Net. 13:14 of 1st period - Shot by Ben Lovejoy. 13:14 of 1st period - Stopped by Anders Nilsson with a rebound. 13:20 of 1st period - Jake Virtanen is hit by Zach Aston-Reese and loses puck. 13:54 of 1st period - Shot by Justin Abdelkader. 13:54 of 1st period - Stopped by Pekka Rinne without a rebound. 13:55 of 1st period - Jordan Staal wins face-off versus Alexander Wennberg in COLORADO GLACIERCATS zone. 14:39 of 1st period - Icing by Alexander Wennberg. 14:40 of 1st period - Alexander Wennberg wins face-off versus Artemi Panarin in TEXAS TOROS zone. 14:54 of 1st period - Shot by Artemi Panarin. 14:54 of 1st period - Stopped by Anders Nilsson without a rebound. 14:55 of 1st period - Derek Stepan wins face-off versus Jay Beagle in TEXAS TOROS zone. 15:07 of 1st period - Shot by Brock McGinn. 15:07 of 1st period - Shot Blocked by Shea Weber. 15:09 of 1st period - Shot by Derek Stepan. 15:09 of 1st period - Shot Misses the Net. 15:31 of 1st period - Minor Penalty to Jay Beagle for Hooking. 15:32 of 1st period - Nick Schmaltz wins face-off versus Jordan Staal in COLORADO GLACIERCATS zone. 15:35 of 1st period - Shot by Nick Schmaltz. 15:35 of 1st period - Shot Misses the Net. 16:01 of 1st period - Shot by Jake Virtanen. 16:01 of 1st period - Stopped by Pekka Rinne without a rebound. 16:02 of 1st period - Derek Stepan wins face-off versus Lucas Wallmark in COLORADO GLACIERCATS zone. 16:18 of 1st period - Lucas Wallmark is hit by Erik Johnson and loses puck. 17:56 of 1st period - Shot by Patrice Bergeron. 17:56 of 1st period - Stopped by Anders Nilsson without a rebound. 17:57 of 1st period - Jay Beagle wins face-off versus Nick Schmaltz in TEXAS TOROS zone. 18:16 of 1st period - Mark Giordano is hit by Johan Larsson and loses puck. 19:39 of 1st period - Shot by Artemi Panarin. 19:39 of 1st period - Deflect By Patrice Bergeron. 19:39 of 1st period - Shot Blocked by Patrik Nemeth. 19:41 of 1st period - Shot by Patrice Bergeron. 19:41 of 1st period - Shot Misses the Net. Goals for this period are 0 for TEXAS TOROS vs 1 for COLORADO GLACIERCATS. Shots for this period are 7 for TEXAS TOROS vs 10 for COLORADO GLACIERCATS. 2nd period 0:01 of 2nd period - Derek Stepan wins face-off versus Patrice Bergeron in neutral zone. 0:05 of 2nd period - Icing by Shea Weber. 0:06 of 2nd period - Patrice Bergeron wins face-off versus Brock McGinn in COLORADO GLACIERCATS zone. 0:12 of 2nd period - Brock McGinn is hit by Paul Byron and loses puck. 0:26 of 2nd period - Icing by Erik Johnson. 0:27 of 2nd period - Jordan Staal wins face-off versus Derek Stepan in TEXAS TOROS zone. 0:28 of 2nd period - Shot by Joe Pavelski. 0:28 of 2nd period - Shot Misses the Net. 0:36 of 2nd period - Shot by Joe Pavelski. 0:36 of 2nd period - Shot Misses the Net. 0:38 of 2nd period - Shot by Jordan Staal. 0:38 of 2nd period - Deflect By Brayden Schenn. 0:38 of 2nd period - Shot Blocked by Erik Johnson. 0:40 of 2nd period - Shot by Brayden Schenn. 0:40 of 2nd period - Stopped by Anders Nilsson with a rebound. 1:32 of 2nd period - Shot by Patrice Bergeron. 1:32 of 2nd period - Shot Misses the Net. 1:34 of 2nd period - Shot by Patrice Bergeron. 1:34 of 2nd period - Deflect By Artemi Panarin. 1:34 of 2nd period - Shot Misses the Net. 1:36 of 2nd period - Shot by Artemi Panarin. 1:36 of 2nd period - Shot Misses the Net. 1:40 of 2nd period - Shot by Artemi Panarin. 1:40 of 2nd period - Stopped by Anders Nilsson without a rebound. 1:41 of 2nd period - Lucas Wallmark wins face-off versus Nick Schmaltz in TEXAS TOROS zone. 1:59 of 2nd period - Off-side. 2:00 of 2nd period - Patrice Bergeron wins face-off versus Riley Nash in neutral zone. 2:25 of 2nd per